 Dungeon Crawl Stone Soup version 0.21.1-1-g345015f (webtiles) character file.

252 snakesoul the Cudgeler (level 6, -2/40 HPs)
             Began as a Gargoyle Fighter on July 28, 2018.
             Slain by an ogre
             ... wielding a +0 giant spiked club
              (10 damage)
             ... on level 4 of the Dungeon.
             The game lasted 00:02:30 (2519 turns).

snakesoul the Cudgeler (Gargoyle Fighter)           Turns: 2519, Time: 00:02:30

Health: -2/40      AC: 11    Str: 26    XL:     6   Next: 14%
Magic:  6/6        EV:  7    Int:  9    God:
Gold:   171        SH:  9    Dex:  9    Spells: 5/5 levels left

rFire    . . .     SeeInvis .   a - +0 flail
rCold    . . .     Gourm    .   c - +0 shield
rNeg     + . .     Faith    .   b - +0 scale mail
rPois    ∞         Spirit   .   (no helmet)
rElec    +         Reflect  .   (no cloak)
rCorr    .         Harm     .   (no gloves)
MR       .....                  (no boots)
Stlth    ..........             (no amulet)
HPRegen  0.13/turn              (no ring)
MPRegen  0.10/turn              (no ring)

@: mighty
A: negative energy resistance 1, electricity resistance, unbreathing,
petrification resistance, rot immunity, AC +4
a: no special abilities


You were on level 4 of the Dungeon.
You were not hungry.

You visited 1 branch of the dungeon, and saw 4 of its levels.

You collected 171 gold pieces.

Inventory:

Hand Weapons
 a - a +0 flail (weapon)
Armour
 b - a +0 scale mail (worn)
 c - a +0 shield (worn)
Wands
 p - a wand of iceblast (6)
Scrolls
 e - 2 scrolls of teleportation {unknown}
 h - a scroll of identify {unknown}
 i - a scroll of magic mapping {unknown}
 k - a scroll of fog {unknown}
 m - 2 scrolls of remove curse {unknown}
 n - a scroll of enchant weapon {unknown}
Potions
 g - a potion of ambrosia {unknown}
 j - a potion of curing {unknown}
 l - 2 potions of heal wounds {unknown}
Comestibles
 f - 10 rations


   Skills:
 + Level 4.9 Fighting
 * Level 5.2 Maces & Flails
 - Level 3.2 Armour
 - Level 3.2 Shields


You had 5 spell levels left.
You didn't know any spells.

Dungeon Overview and Level Annotations

Branches:
Dungeon (4/15)
 Temple: D:4-7

Altars:
Yredelemnul


Innate Abilities, Weirdness & Mutations

You are resistant to torment.
Your stone body is resilient. (AC +4)
You are immune to poison.
You resist negative energy. (rN+)
You are resistant to electric shocks. (rElec)
You can survive without breathing.
You are immune to petrification.
You are immune to rotting.


Message History

You kill the ogre!
Your Maces & Flails skill increases to level 5!
You have reached level 6!
Your experience leads to an increase in your attributes!
Your base attributes are Str 20, Int 9, Dex 9.
Increase (S)trength, (I)ntelligence, or (D)exterity?
You feel stronger.
You completely miss the ogre.
The ogre hits you with a giant spiked club.
You sock the ogre!
The ogre is moderately wounded.
The ogre hits you with a giant spiked club!
* * * LOW HITPOINT WARNING * * *
You sock the ogre!
The ogre is almost dead.
You block the ogre's attack.
You barely miss the ogre.
The ogre is almost dead.
The ogre hits you with a giant spiked club!
You die...

#).......# #.######.# #.#
#.# ###### #.# #.# #....#
#.# #.# #....# #.# #.#
#....# #.# #.######
#....#######.######.......
##.......O@................
#.......#####...(.....#####
#.......# ##########.#
#.......# #..........#
#####.....O.# #.##########
#......$....####.#
#...........#....#
#...........#....#
#...........#...<#


You could see an ogre.

Vanquished Creatures
  An ogre (D:4)
  A scorpion (D:4)
  An iguana (D:4)
  4 adders
  2 worms (D:3)
  2 dart slugs
  3 leopard geckos
  An orc (D:4)
  A ball python (D:1)
  4 giant cockroaches
  4 goblins
  8 hobgoblins
  3 bats
  3 frilled lizards
  4 kobolds
  5 rats
47 creatures vanquished.

Notes
Turn   | Place    | Note
-------+----------+-------------------------------------------
     0 | D:1      | snakesoul the Gargoyle Fighter began the quest for the Orb.
     0 | D:1      | Reached XP level 1. HP: 14/14 MP: 1/1
   339 | D:1      | Reached XP level 2. HP: 18/19 MP: 2/2
   849 | D:2      | Reached skill level 3 in Maces & Flails
   849 | D:2      | Reached XP level 3. HP: 21/24 MP: 3/3
  1025 | D:2      | Found a basalt altar of Yredelemnul.
  1540 | D:3      | Reached XP level 4. HP: 24/29 MP: 4/4
  2122 | D:4      | Reached skill level 4 in Maces & Flails
  2204 | D:4      | Reached XP level 5. HP: 8/34 MP: 5/5
  2497 | D:4      | Noticed an ogre
  2499 | D:4      | Noticed an ogre
  2515 | D:4      | Killed an ogre
  2515 | D:4      | Reached skill level 5 in Maces & Flails
  2515 | D:4      | Reached XP level 6. HP: 17/40 MP: 6/6
  2519 | D:4      | Slain by an ogre

Skill      XL: |  1  2  3  4  5 |
---------------+----------------+-----
Maces & Flails | 3 4 5 |  5.2
Fighting       | 4 |  4.9
Armour         | |  3.2
Shields        | |  3.2

Action                   |  1- 3 |  4- 6 || total
-------------------------+-------+-------++-------
Melee: Flail             |   121 |    70 ||   191
  Use: Potion            |       |     2 ||     2
  Eat: Chunk             |     2 |     3 ||     5
Armor: Scale mail        |    48 |    38 ||    86
Dodge: Dodged            |    22 |    30 ||    52
Block: Shield            |    61 |    47 ||   108
